 Dungeon Crawl Stone Soup version 0.26-a0-682-g294304f6e8 (webtiles) character file.

Game seed: 6367692973642645699

(classic levelgen) 24 EnegeticOcto the Vandal (level 3, -1/21 HPs)
             Began as a Halfling Earth Elementalist on Oct 21, 2020.
             Slain by a howler monkey skeleton (4 damage)
             ... on level 4 of the Dungeon.
             The game lasted 00:02:34 (372 turns).

EnegeticOcto the Vandal (HaEE)                       Turns: 372, Time: 00:02:35

Health: -1/21      AC:  5    Str: 10    XL:     3   Next: 15%
Magic:  5/5        EV: 13    Int: 13    God:
Gold:   66         SH:  0    Dex: 14    Spells: 4/5 levels left

rFire    . . .     SeeInvis .   h - +0 hunting sling
rCold    . . .     Faith    .   (shield restricted)
rNeg     . . .     Spirit   .   l - +0 ring mail
rPois    .         Reflect  .   (no helmet)
rElec    .         Harm     .   (no cloak)
rCorr    .         Rampage  .   (no gloves)
MR       .....                  (no boots)
Stlth    +.........             (no amulet)
HPRegen  0.07/turn              (no ring)
MPRegen  0.09/turn              (no ring)

@: no status effects
A: small, mutation resistance 1
a: no special abilities


You were on level 4 of the Dungeon.
You visited 1 branch of the dungeon, and saw 4 of its levels.

You collected 66 gold pieces.

Inventory:

Hand Weapons
 h - a +0 hunting sling (weapon)
Missiles
 a - 12 sling bullets
 b - 51 stones (quivered)
 g - a throwing net {!f}
Armour
 c - a +0 robe
 e - a +0 scale mail
 l - a +0 ring mail (worn)
Scrolls
 d - a scroll of teleportation {unknown}
 f - a scroll of fear {unknown}
 i - a scroll of identify {unknown}


   Skills:
 + Level 3.6 Slings
 - Level 2.1 Dodging
 - Level 2.1 Stealth
 - Level 1.5 Spellcasting
   Level 0.5 Transmutations
 - Level 3.1 Earth Magic


You had 4 spell levels left.
You knew the following spells:

 Your Spells              Type           Power        Failure   Level
a - Sandblast             Erth           #.....       21%         1

Your spell library contained the following spells:

 Spells                   Type           Power        Failure   Level
 Passwall                 Tmut/Erth      #.......     45%         2
 Stone Arrow              Conj/Erth      #.....       73%         3
 Petrify                  Tmut/Erth      #.......     97%         4
 Lee's Rapid Deconstruct  Erth           #.........   99%         5


Dungeon Overview and Level Annotations

Branches:
Dungeon (4/15)
 Temple: D:4-7

Altars:


Innate Abilities, Weirdness & Mutations

You are small and have problems with some larger weapons.
You are somewhat resistant to further mutation.


Message History

The leopard gecko barely misses you.
Firing (i - inventory. (/) - cycle)
b - 57 stones (quivered)
Press: ? - help, Shift-Dir - straight line, f/p - leopard gecko
Aim: a leopard gecko (severely wounded)
You shoot a stone.
The stone barely misses the leopard gecko.
The leopard gecko bites you.
* * * LOW HITPOINT WARNING * * *
Firing (i - inventory. (/) - cycle)
b - 56 stones (quivered)
Press: ? - help, Shift-Dir - straight line, f/p - leopard gecko
Aim: a leopard gecko (severely wounded)
You shoot a stone.
The stone hits the leopard gecko but does no damage.
The leopard gecko is severely wounded.
The leopard gecko closely misses you.
Firing (i - inventory. (/) - cycle)
b - 55 stones (quivered)
Press: ? - help, Shift-Dir - straight line, f/p - leopard gecko
Aim: a leopard gecko (severely wounded)
You shoot a stone. The stone misses the leopard gecko.
The leopard gecko misses you. The leopard gecko barely misses you.
Firing (i - inventory. (/) - cycle)
b - 54 stones (quivered)
Press: ? - help, Shift-Dir - straight line, f/p - leopard gecko
Aim: a leopard gecko (severely wounded)
You shoot a stone. The stone hits the leopard gecko.
You kill the leopard gecko!
b - 59 stones (gained 6)
b - 60 stones (gained 1)
b - 61 stones (gained 1)
You now have 66 gold pieces (gained 10).
i - a scroll labeled OFIXON FADD
(D) Dungeon
Where to? (Enter - D:3, ? - help)
There is an escape hatch in the ceiling here.
There is a stone staircase leading down here.
You climb downwards.
You hear the hiss of flowing sand.
There is an entrance to an ossuary on this level.
Hurry and find it before the portal is buried!
A quokka and 2 skeletons come into view.
Found a spear and a flail.
There is a stone staircase leading up here.
Firing (i - inventory. (/) - cycle)
b - 61 stones (quivered)
Press: ? - help, Shift-Dir - straight line, f - quokka
Aim: a quokka (asleep)
You shoot a stone. The stone hits the quokka.
The quokka is almost dead.
Firing (i - inventory. (/) - cycle)
b - 60 stones (quivered)
Press: ? - help, Shift-Dir - straight line, f/p - quokka
Aim: a quokka (almost dead)
You shoot a stone. The stone hits the quokka.
You kill the quokka!
Firing (i - inventory. (/) - cycle)
b - 59 stones (quivered)
Press: ? - help, Shift-Dir - straight line, f - quokka skeleton
Aim: a quokka skeleton You shoot a stone.
The stone hits the quokka skeleton.
The quokka skeleton is almost destroyed.
Firing (i - inventory. (/) - cycle)
b - 58 stones (quivered)
Press: ? - help, Shift-Dir - straight line, f/p - quokka skeleton
Aim: a quokka skeleton (almost destroyed)
You shoot a stone. The stone hits the quokka skeleton.
You destroy the quokka skeleton!
Firing (i - inventory. (/) - cycle)
b - 57 stones (quivered)
Press: ? - help, Shift-Dir - straight line, f - howler monkey skeleton
Aim: a howler monkey skeleton You shoot a stone.
The stone hits the howler monkey skeleton.
The howler monkey skeleton is lightly damaged.
Firing (i - inventory. (/) - cycle)
b - 56 stones (quivered)
Press: ? - help, Shift-Dir - straight line, f/p - howler monkey skeleton
Aim: a howler monkey skeleton (lightly damaged)
You shoot a stone.
The stone barely misses the howler monkey skeleton.
Firing (i - inventory. (/) - cycle)
b - 55 stones (quivered)
Press: ? - help, Shift-Dir - straight line, f/p - howler monkey skeleton
Aim: a howler monkey skeleton (lightly damaged)
You shoot a stone.
The stone hits the howler monkey skeleton!
The howler monkey skeleton is heavily damaged.
The howler monkey skeleton hits you but does no damage.
Firing (i - inventory. (/) - cycle)
b - 54 stones (quivered)
Press: ? - help, Shift-Dir - straight line, f/p - howler monkey skeleton
Aim: a howler monkey skeleton (heavily damaged)
You shoot a stone.
The stone hits the howler monkey skeleton.
The howler monkey skeleton is severely damaged.
The howler monkey skeleton closely misses you.
Firing (i - inventory. (/) - cycle)
b - 53 stones (quivered)
Press: ? - help, Shift-Dir - straight line, f/p - howler monkey skeleton
Aim: a howler monkey skeleton (severely damaged)
You shoot a stone.
The stone barely misses the howler monkey skeleton.
The howler monkey skeleton hits you.
* * * LOW HITPOINT WARNING * * *
Firing (i - inventory. (/) - cycle)
b - 52 stones (quivered)
Press: ? - help, Shift-Dir - straight line, f/p - howler monkey skeleton
Aim: a howler monkey skeleton (severely damaged)
You shoot a stone.
The stone hits the howler monkey skeleton.
The howler monkey skeleton is almost destroyed.
The howler monkey skeleton hits you.
You die...

. . .. .. ...
... .... ....
.....#####.....
.............).
....(.Z@.......
...............
.......†.......
....(.(........
..)............
...............
............###
..........###


You could see a howler monkey skeleton.

Vanquished Creatures
  An adder (D:3)
  A worm (D:3)
  A dart slug (D:1)
  A leopard gecko (D:3)
  A hobgoblin (D:3)
  A kobold (D:3)
  A quokka (D:4)
  2 bats (D:1)
  A frilled lizard (D:1)
  A quokka skeleton (D:4)
11 creatures vanquished.

Notes
Turn   | Place    | Note
-------+----------+-------------------------------------------
     0 | D:1      | EnegeticOcto the Halfling Earth Elementalist began the
                  | quest for the Orb.
     0 | D:1      | Reached XP level 1. HP: 11/11 MP: 3/3
    67 | D:1      | Reached skill level 1 in Slings
   118 | D:3      | Reached XP level 2. HP: 17/17 MP: 4/4
   176 | D:3      | Reached skill level 2 in Slings
   250 | D:3      | Reached skill level 3 in Slings
   269 | D:3      | Reached XP level 3. HP: 3/21 MP: 5/5
   372 | D:4      | Slain by a howler monkey skeleton

Illustrated notes

Levels and vault maps discovered:
D:1:      psy_arrival_radial01, layout_loops_ring, minmay_hexomino_r4
D:2:      layout_loops_corners, nicolae_qazlal_eye_of_the_storm,
          yredelemnul_forgotten_temple_becter, marbit_many_paths
D:3:      layout_rooms, nicolae_overflow_crystal_walls
D:4:      layout_layer_cave, vehumet_statue,
          minmay_temple_entry_enclosed_plants, nicolae_ossuary_entry_giza,
          chequers_serial_rivers_marsh

Skill      XL: |  1  2 |
---------------+-------+-----
Slings         | 1 3 |  3.6
Dodging        | |  2.1
Stealth        | |  2.1
Spellcasting   | |  1.5
Transmutations | |  0.5
Earth Magic    | |  3.1

Action                   || total
-------------------------++-------
Melee: Unarmed           ||     6
 Fire: Hunting sling     ||    54
 Cast: Sandblast         ||     2
  Use: Potion            ||     3
Armor: Robe              ||     1
       Ring mail         ||     9
       Skin              ||     2
Dodge: Dodged            ||    25

Table legend: (Time is in decaauts)
 A = Elapsed time spent in this place.
 B = Non-inter-level travel time spent in this place.
 C = Inter-level travel time spent in this place.
 D = Time resting spent in this place.
 E = Time spent auto-exploring this place.
 F = Levels seen in this place.
 G = Mean time per level.
                   A        B        C        D        E       F      G
               +--------+--------+--------+--------+--------+-----+--------+
         Total |    392 |    377 |     15 |      0 |      0 |   4 |   98.0 |
       Dungeon |    392 |    377 |     15 |      0 |      0 |   4 |   98.0 |
               +--------+--------+--------+--------+--------+-----+--------+

Top non-repeatable levels by time:
     D:3: 252 daAuts
     D:1: 89 daAuts
     D:2: 39 daAuts
     D:4: 9 daAuts
